 Dungeon Crawl Stone Soup version 0.29.1-2-gbd0b4ee654 (webtiles) character file.

Game seed: 10270666561470887835

23 javelincjr the Conjurer (level 2, -1/15 HPs)
             Began as a Deep Elf Conjurer on Nov 30, 2022.
             Slain by a toenail golem (8 damage)
             ... on level 3 of the Dungeon.
             The game lasted 00:14:01 (684 turns).

javelincjr the Conjurer (Deep Elf Conjurer)          Turns: 684, Time: 00:14:02

Health: -1/15      AC:  2    Str:  4    XL:     2   Next: 72%
Magic:  7/8        EV: 12    Int: 22    God:
Gold:   34         SH:  0    Dex: 13    Spells: 6/7 levels left

rFire   . . .      SeeInvis .   m - +0 short sword
rCold   . . .      Faith    .   (no shield)
rNeg    . . .      Spirit   .   a - +0 robe
rPois   .          Reflect  .   (no helmet)
rElec   .          Harm     .   (no cloak)
rCorr   .          Rampage  .   (no gloves)
Will    .....                   (no boots)
Stlth   ++........              (no amulet)
HPRegen 0.05/turn               (no ring)
MPRegen 0.11/turn               (no ring)

@: no status effects
A: no striking features
a: no special abilities


You were on level 3 of the Dungeon.
You visited 1 branch of the dungeon, and saw 3 of its levels.

You collected 34 gold pieces.

Inventory:

Hand Weapons
 c - a +0 club
 g - a +0 dagger
 i - a +0 dagger
 m - a +0 short sword (weapon)
Missiles
 l - 12 stones
Armour
 a - a +0 robe (worn)
 e - a +0 helmet
Scrolls
 j - a scroll of torment {unknown}
 k - 2 scrolls of identify {unknown}
 n - a scroll of enchant armour {unknown}
Potions
 b - a potion of magic
 d - a potion of mutation {unknown}
 f - a potion of might {unknown}
 h - a potion of heal wounds {unknown}
 o - a potion of curing {unknown}
 p - a potion of brilliance {unknown}


   Skills:
 + Level 2.4 Dodging
 + Level 2.5 Stealth
 + Level 3.1 Spellcasting
 + Level 5.2 Conjurations


You had 6 spell levels left.
You knew the following spells:

 Your Spells              Type           Power      Damage    Failure   Level
a - Magic Dart            Conj           100%       1d8       1%          1

Your spell library contained the following spells:

 Spells                   Type           Power      Damage    Failure   Level
 Searing Ray              Conj           52%        2d6       2%          2
 Dazzling Flash           Conj/Hex       30%        N/A       13%         3
 Fulminant Prism          Conj/Hex       7%         3d7       38%         4
 Iskenderun's Mystic Bla  Conj/Tloc      15%        2d5       38%         4


Dungeon Overview and Level Annotations

Branches:
Dungeon (3/15)

Altars:


Message History

Casting: Magic Dart (safe; 1% risk of failure)
Confirm with . or Enter, or press ? or * to list all spells.
Aiming: Magic Dart (safe; 1% risk of failure)
Press: ? - help, Shift-Dir - straight line, f - bat
Aim: a bat (asleep, 100% to hit)
The magic dart hits the bat.
You kill the bat!
There is a stone staircase leading down here.
You climb downwards.
Found 5 stones and a scroll labelled LIBBEF KOTZEILO.
Found a stone staircase leading up.
There is a stone staircase leading up here.
Found 3 gold pieces.
Found a transporter.
k - 2 scrolls labelled LIBBEF KOTZEILO (gained 1)
Found a book of Spatial Translocations.
There is a transporter here.
You enter the transporter and appear at another place.
The toenail golem hits you but does no damage.
A white imp comes into view.
Found a transporter.
The white imp shouts, "Begone, thou lily-hearted earth-vexing bloater!"
The white imp enters a dispersal trap!
You blink.
The white imp blinks!
There is a transporter here.
Casting: Magic Dart (safe; 1% risk of failure)
Confirm with . or Enter, or press ? or * to list all spells.
Aiming: Magic Dart (safe; 1% risk of failure)
Press: ? - help, Shift-Dir - straight line, f - toenail golem
Aim: a toenail golem (translocational energy, 100% to hit)
The magic dart hits the toenail golem but does no damage.
You enter the transporter and appear at another place.
The toenail golem hits you but does no damage.
The toenail golem hits you!
Ouch! That really hurt!
The toenail golem misses you.
There is a transporter here.
You enter the transporter and appear at another place.
The toenail golem hits you!
Ouch! That really hurt!
You die...

#.. #... ## #....
##.## . ......#...##..
#.#....#©^#..#
......##.#..5# ##...
#.#5###.##
....##9..#.##.#
######...##@##.©#.#
.........###..##...#..
#.###.....§...# #.#..
...####<#..........##
# ..........#....#####
#####.....#...#####..
#.........#$...#
+<........####:.#
#............##


You could see a toenail golem and a white imp.

Vanquished Creatures
  3 endoplasms (D:1)
  4 goblins (D:1)
  2 hobgoblins (D:1)
  3 kobolds (D:1)
  A quokka (D:1)
  2 ball pythons (D:1)
  A bat (D:2)
  2 frilled lizards (D:1)
  3 rats (D:1)
21 creatures vanquished.

Notes
Turn   | Place    | Note
-------+----------+-------------------------------------------
     0 | D:1      | javelincjr the Deep Elf Conjurer began the quest for the
                  | Orb.
     0 | D:1      | Reached XP level 1. HP: 10/10 MP: 6/6
    95 | D:1      | Reached XP level 2. HP: 15/15 MP: 2/8
   229 | D:1      | Reached skill level 5 in Conjurations
   278 | D:1      | Found a faded altar of an unknown god.
   661 | D:3      | Found a transporter.
   672 | D:3      | Noticed a toenail golem
   676 | D:3      | Found a transporter.
   679 | D:3      | Noticed a small abomination
   684 | D:3      | Slain by a toenail golem

Illustrated notes

Levels and vault maps discovered:
D:1:      eino_arrival_water_star, layout_basic,
          ebering_ecumenical_altar_petrified, st_stairs_9, minmay_tromino_i2
D:2:      layout_loops_ring, serial_glass, glass_columns_b, glass_columns_a,
          due_unseen_surprise, minmay_strange_pillars, item_on_display_a,
          item_on_display_a, minmay_between, uniq_crazy_yiuf_cottage
D:3:      layout_basic, nicolae_wu_jian_wuxing_cycle, nicolae_overflow_squiral,
          gammafunk_ghost_abyssal_escape, serial_aquarium,
          aquarium_bridge_square [aquarium_subvault_wall,
          aquarium_subvault_window, aquarium_subvault_wall,
          aquarium_subvault_bridge], aquarium_window_1, aquarium_window_1,
          aquarium_view_2c, aquarium_view_2d, aquarium_balcony_5b,
          aquarium_pool_2

Skill      XL: |  1  2 |
---------------+-------+-----
Conjurations   | 5 |  5.2
Dodging        | |  2.4
Stealth        | |  2.5
Spellcasting   | |  3.1

Action                   || total
-------------------------++-------
Melee: Dagger            ||     5
       Short sword       ||     2
Throw: Stone             ||     3
 Cast: Magic Dart        ||    38
 Stab: Sleeping          ||     2
Armor: Robe              ||     3
Dodge: Dodged            ||     7
